 Dungeon Crawl Stone Soup version 0.30-a0-715-gdb4ae3ece1 (webtiles) character file.

Game seed: 15740307555942231397

259 lukessrichardson1 the Chopper (level 5, -1/42 HPs)
             Began as a Demonspawn Berserker on Dec 15, 2022.
             Was a Priest of Trog.
             Slain by a gnoll
             ... wielding a +0 spear
              (6 damage)
             ... on level 4 of the Dungeon on Feb 11, 2023.
             The game lasted 00:04:57 (2229 turns).

lukessrichardson1 the Chopper (DsBe)                Turns: 2229, Time: 00:04:58

Health: -1/42      AC: 12    Str: 14    XL:     5   Next: 95%
Magic:  5/5        EV: 10    Int: 12    God:    Trog [***...]
Gold:   218        SH:  0    Dex: 12    Spells: 4/4 levels left

rFire   + . .      SeeInvis .    a - +0 hand axe
rCold   . . .      Faith    .    (no shield)
rNeg    . . .      Spirit   .    p - +0 scale mail "Yquaph" {rF+ Str-5 Int+3}
rPois   .          Reflect  .    (helmet restricted)
rElec   .          Harm     .    y - +2 cloak
rCorr   .          Rampage  .    C - +0 pair of gloves
Will    ++...                    (no boots) Stlth
                                 m - amulet of regeneration
HPRegen 2.07/turn                (no ring)
MPRegen 0.09/turn                (no ring)

@: strong-willed, on berserk cooldown, regenerating, slowed, very slow
A: horns 1, molten scales 1, spiny 2
a: Renounce Religion, Berserk, Trog's Hand


You were on level 4 of the Dungeon.
You worshipped Trog.
Trog was most pleased with you.
You visited 1 branch of the dungeon, and saw 4 of its levels.

You collected 218 gold pieces.

Inventory:

Hand Weapons
 a - a +0 hand axe (weapon)
 B - a +2 short sword of speed
Missiles
 s - a throwing net (quivered)
Armour
 b - a +0 animal skin
 i - a +0 helmet
 p - the +0 scale mail "Yquaph" (worn) {rF+ Str-5 Int+3}
   (You found it on level 2 of the Dungeon)

   Str:       It affects your strength (-5).
   Int:       It affects your intelligence (+3).
   rF:        It protects you from fire.
 y - a +2 cloak (worn)
 C - a +0 pair of gloves (worn)
Jewellery
 m - an amulet of regeneration (around neck)
 D - an amulet of the acrobat
Wands
 t - a wand of light (12)
Scrolls
 c - 4 scrolls of identify {unknown}
 d - a scroll of fog {unknown}
 f - 3 scrolls of blinking {unknown}
 g - a scroll of magic mapping {unknown}
 j - 3 scrolls of poison {unknown}
 k - a scroll of teleportation {unknown}
 l - a scroll of torment {unknown}
 o - a scroll of brand weapon {unknown}
 q - a scroll of enchant armour {unknown}
 u - a scroll of noise {unknown}
 v - a scroll of immolation {unknown}
 A - a scroll of silence {unknown}
Potions
 e - a potion of attraction {unknown}
 h - a potion of cancellation {unknown}
 n - 2 potions of curing {unknown}
 r - 2 potions of brilliance {unknown}
 w - a potion of flight {unknown}
 x - 2 potions of degeneration {unknown}
 z - a potion of magic {unknown}
 E - a potion of heal wounds {unknown}


   Skills:
 + Level 3.9 Fighting
 + Level 4.3 Axes
 + Level 2.5 Armour
 + Level 3.1 Dodging
 + Level 1.0 Stealth


You had 4 spell levels left.
You didn't know any spells.
Your spell library was empty.

Dungeon Overview and Level Annotations

Branches:
Dungeon (4/15)
 Temple: D:4-7

Altars:


Innate Abilities, Weirdness & Mutations

You have a pair of small horns on your head.
You are partially covered in molten scales. (AC +2)
You are mostly covered in sharp spines.


Message History

The gnoll is struck by your spines. The gnoll hits you with a +0 flail.
The gnoll hits you but does no damage.
The gnoll bouda is struck by your spines.
The gnoll bouda hits you but does no damage.
The gnoll sergeant hits you but does no damage.
You hit the gnoll bouda but do no damage.
The gnoll bouda is heavily wounded.
You hit the gnoll.
The gnoll hits you but does no damage. x2
The gnoll sergeant hits you but does no damage.
You barely miss the gnoll.
The gnoll is severely wounded.
You hit the gnoll bouda but do no damage.
The gnoll is struck by your spines.
You kill the gnoll!
Trog accepts your kill. The gnoll hits you but does no damage.
The gnoll bouda is struck by your spines.
The gnoll bouda hits you with a +0 whip.
The gnoll sergeant hits you from afar with a +0 trident.
The gnoll barely misses you.
The gnoll bouda hits you with a +0 whip.
* * * LOW HITPOINT WARNING * * *
The gnoll sergeant misses you.
You are too injured to fight recklessly!
You are too injured to fight recklessly!
You are too injured to fight recklessly!
Your skin crawls.
You feel strong-willed.
Your attacks no longer feel as feeble.
The gnoll misses you. The gnoll bouda closely misses you.
The gnoll sergeant hits you from afar with a +0 trident.
* * * LOW HITPOINT WARNING * * *
You hit the gnoll bouda but do no damage.
The gnoll bouda is severely wounded.
The gnoll hits you but does no damage.
The gnoll bouda is struck by your spines.
The gnoll bouda hits you but does no damage.
The gnoll sergeant hits you from afar with a +0 trident.
* * * LOW HITPOINT WARNING * * *
The gnoll hits you from afar with a +0 spear.
You die...

######### ♣♣♣♣ #.......#
♣... +#####.#..#.#
♣♣♣..# #
.#........###♣♣♣.)..#...
.......##.##♣♣))).♣.#...
.....#..#....)).@.gg'..)
.†......#..#♣♣))g♣g.#...
...........##♣♣♣....#...
.#.#..<.#...###♣♣♣..# #
.#.####.#.....## ♣)..
.#.. ..#.....<# ♣♣♣♣ ..#
#..#.......# ###
#..#.......#
#..#.......#


You could see a gnoll sergeant (swift), a gnoll bouda and 2 gnolls.

Vanquished Creatures
  Robin (D:2)
  12 gnolls
  4 adders (D:2)
  4 worms
  A dart slug (D:4)
  2 orcs (D:3)
  5 endoplasms
  4 giant cockroaches
  18 goblins
  7 hobgoblins
  6 jackals
  3 kobolds
  8 bats
  5 frilled lizards
  6 rats
86 creatures vanquished.

Vanquished Creatures (others)
  2 plants (D:2)
2 creatures vanquished.

Grand Total: 88 creatures vanquished

Notes
Turn   | Place    | Note
-------+----------+-------------------------------------------
     0 | D:1      | lukessrichardson1 the Demonspawn Berserker began the quest
                  | for the Orb.
     0 | D:1      | Reached XP level 1. HP: 18/18 MP: 1/1
   229 | D:1      | Reached skill level 3 in Axes
   229 | D:1      | Gained mutation: You are partially covered in sharp spines.
                  | [demonic ancestry]
   229 | D:1      | Reached XP level 2. HP: 24/24 MP: 2/2
   363 | D:1      | Gained mutation: You are mostly covered in sharp spines.
                  | [demonic ancestry]
   363 | D:1      | Reached XP level 3. HP: 21/29 MP: 3/3
   433 | D:1      | Upgraded the game from 0.30-a0-458-g86641cc369 to
                  | 0.30-a0-715-gdb4ae3ece1
   790 | D:2      | Identified the +0 scale mail "Yquaph" {rF+ Str-5 Int+3}
   887 | D:2      | Reached ** piety under Trog
   899 | D:2      | Gained mutation: You are partially covered in molten
                  | scales. (AC +2) [demonic ancestry]
   899 | D:2      | Reached XP level 4. HP: 33/35 MP: 4/4
  1126 | D:2      | Noticed Robin
  1139 | D:2      | Killed Robin
  1298 | D:3      | Gained mutation: You have a pair of small horns on your
                  | head. [demonic ancestry]
  1298 | D:3      | Reached XP level 5. HP: 42/42 MP: 5/5
  1641 | D:3      | Reached skill level 4 in Axes
  2216 | D:4      | Reached *** piety under Trog
  2217 | D:4      | Reached skill level 1 in Stealth
  2229 | D:4      | Slain by a gnoll

Illustrated notes

Levels and vault maps discovered:
D:1:      dpeg_arrival_ternary, layout_rooms, hangedman_glass_teeth
D:2:      layout_rooms, mrwooster_statue_mirror, nicolae_grassy_gnolls,
          uniq_robin
D:3:      kennysheep_six_static_rooms, layout_basic, minmay_misc_feat_tiny,
          minmay_diced_spiral
D:4:      minmay_inner_zag, layout_basic, xom_confusion_cloud,
          nicolae_stop_n_shop_1, pf_guarded_unrand_woodcutter, uniq_natasha,
          uniq_menkaure, uniq_ijyb, uniq_edmund

Skill      XL: |  1  2  3  4  5 |
---------------+----------------+-----
Axes           | 3 4 |  4.3
Dodging        | 2 3 |  3.1
Armour         | 2 |  2.5
Stealth        | 1 |  1.0
Fighting       | |  3.9

Action                     |  1- 3 |  4- 6 || total
---------------------------+-------+-------++-------
  Melee: Hand axe          |    73 |    71 ||   144
         Punch             |       |     1 ||     1
         Headbutt          |       |    13 ||    13
 Invoke: Berserk           |     1 |     2 ||     3
         Trog's Hand       |       |     1 ||     1
   Stab: Sleeping          |     1 |       ||     1
 Armour: Animal skin       |    18 |       ||    18
         Scale mail        |     3 |    40 ||    43
  Dodge: Dodged            |    58 |    39 ||    97

Table legend: (Time is in decaauts)
 A = Elapsed time spent in this place.
 B = Non-inter-level travel time spent in this place.
 C = Inter-level travel time spent in this place.
 D = Time resting spent in this place.
 E = Time spent auto-exploring this place.
 F = Levels seen in this place.
 G = Mean time per level.
                   A        B        C        D        E       F      G
               +--------+--------+--------+--------+--------+-----+--------+
         Total |   2259 |   2086 |    173 |      0 |   1614 |   4 |  564.8 |
       Dungeon |   2259 |   2086 |    173 |      0 |   1614 |   4 |  564.8 |
               +--------+--------+--------+--------+--------+-----+--------+

Top non-repeatable levels by time:
     D:3: 933 daAuts
     D:2: 647 daAuts
     D:1: 617 daAuts
     D:4: 61 daAuts
